 Dungeon Crawl Stone Soup version 0.30-a0-715-gdb4ae3ece1 (webtiles) character file.

Game seed: 2457925623665614799

88 gelatine the Firebug (level 4, -2/32 HPs)
             Began as a Demonspawn Fire Elementalist on Jan 24, 2023.
             Slain by a gnoll
             ... wielding a +0 flail
              (6 damage)
             ... on level 1 of the Dungeon.
             The game lasted 00:03:18 (2146 turns).

gelatine the Firebug (Demonspawn Fire Elementalist) Turns: 2146, Time: 00:03:19

Health: -2/32      AC:  4    Str:  9    XL:     4   Next: 29%
Magic:  1/7        EV: 12    Int: 18    God:
Gold:   87         SH:  0    Dex: 13    Spells: 4/7 levels left

rFire   . . .      SeeInvis .    c - +0 war axe
rCold   . . .      Faith    .    (no shield)
rNeg    . . .      Spirit   .    a - +0 robe
rPois   .          Reflect  .    (helmet restricted)
rElec   .          Harm     .    (no cloak)
rCorr   .          Rampage  .    (no gloves)
Will    .....                    (no boots)
Stlth   ++                       (no amulet)
HPRegen 0.25/turn                (no ring)
MPRegen 0.10/turn                (no ring)

@: no status effects
A: horns 1, molten scales 1
a: no special abilities


You were on level 1 of the Dungeon.
You visited 1 branch of the dungeon, and saw 2 of its levels.

You collected 87 gold pieces.

Inventory:

Hand Weapons
 c - a +0 war axe (weapon)
Missiles
 e - 5 curare-tipped darts
Armour
 a - a +0 robe (worn)
Wands
 k - a wand of flame (26)
Scrolls
 d - a scroll of teleportation {unknown}
 f - a scroll of enchant weapon {unknown}
 g - a scroll of amnesia {unknown}
 h - a scroll of fog {unknown}
 l - a scroll of blinking {unknown}
 m - a scroll of identify {unknown}
Potions
 b - a potion of magic
 j - a potion of mutation {unknown}


   Skills:
 * Level 1.3 Fighting
 + Level 0.3 Axes
 * Level 2.1 Dodging
 + Level 2.0 Stealth
 + Level 2.3 Spellcasting
 * Level 1.6 Conjurations
 * Level 3.6 Fire Magic


You had 4 spell levels left.
You knew the following spells:

 Your Spells              Type           Power      Damage    Failure   Level
a - Foxfire               Conj/Fire      44%        2x1d6     6%          1
b - Scorch                Fire           30%        2d6       6%          2

Your spell library contained the following spells:

 Spells                   Type           Power      Damage    Failure   Level
 Inner Flame              Hex/Fire       8%         N/A       26%         3
 Kindle Blastsparks       Fire/Tloc/Air  12%        2d11      32%         3
 Flame Wave               Conj/Fire      11%        2d6       52%         4


Dungeon Overview and Level Annotations

Branches:
Dungeon (2/15)

Altars:

Annotations:
D:2 Natasha


Innate Abilities, Weirdness & Mutations

You have a pair of small horns on your head.
You are partially covered in molten scales. (AC +2)


Message History

* * * LOW HITPOINT WARNING * * *
It was a potion of curing.
You feel better. The gnoll closely misses you.
Casting: Scorch (safe; 6% risk of failure)
Confirm with . or Enter, or press ? or * to list all spells.
You conjure some foxfire!
The gnoll hits you with a +0 flail.
Casting: Foxfire (safe; 6% risk of failure)
Confirm with . or Enter, or press ? or * to list all spells.
You don't have enough magic to cast this spell.
You closely miss the gnoll.
The gnoll is moderately wounded.
You hit the endoplasm.
The gnoll is no longer more vulnerable to fire.
The foxfire hits the endoplasm.
You kill the endoplasm!
The foxfire hits the gnoll but does no damage.
The gnoll is moderately wounded.
The gnoll hits you but does no damage.
Natasha stares at you and mumbles some strange words.
The magic dart hits you.
* * * LOW HITPOINT WARNING * * *
You hit the gnoll.
The gnoll is heavily wounded.
The gnoll hits you with a +0 flail.
* * * LOW HITPOINT WARNING * * *
The gnoll hits you but does no damage.
You closely miss the gnoll. Your headbutt misses the gnoll.
The gnoll is heavily wounded.
The gnoll misses you.
Your magical contamination has completely faded away.
The gnoll misses you.
You climb upwards.
There is a stone staircase leading down here.
You closely miss the gnoll.
The gnoll is heavily wounded.
The gnoll completely misses you. The gnoll hits you with a +0 flail.
* * * LOW HITPOINT WARNING * * *
You hit the gnoll but do no damage.
The gnoll is heavily wounded.
The gnoll hits you with a +0 flail.
You die...

# #.# #.# #.###.#.##...###.#
#######.# #.# #.# #.#...........
........# #.###.###.####...###.#
#####.### #.........# ##.## #.#
##..#########.##### #.# #.#
#...........#.# #.# #..
#.###(#.###.#.# ##'## ### ###.#
#.#.# #.#.## ##...##
##...###.#.###.#@g## ##.....##
..^......#.....#.#.####.......###
#....#########.................##
.........#.....................+.
#....###.#.###....###...รท......##
##.#.# #.#.# #.#..###.#.......###
##.#.###)#.###.....##.##.....###.
...............###.##.###...## ##
##.######......###.##.# ##'## #


You could see a gnoll.

Vanquished Creatures
  Jessica (D:2)
  An adder (D:2)
  A gnoll (D:1)
  2 dart slugs (D:1)
  6 endoplasms
  A giant cockroach (D:1)
  5 goblins
  2 hobgoblins
  5 quokkas
  2 ball pythons (D:2)
  4 bats
  3 frilled lizards
  2 kobolds (D:1)
  3 rats
38 creatures vanquished.

Vanquished Creatures (others)
  141 foxfires
141 creatures vanquished.

Grand Total: 179 creatures vanquished

Notes
Turn   | Place    | Note
-------+----------+-------------------------------------------
     0 | D:1      | gelatine the Demonspawn Fire Elementalist began the quest
                  | for the Orb.
     0 | D:1      | Reached XP level 1. HP: 13/13 MP: 3/3
   385 | D:1      | Reached skill level 3 in Fire Magic
   385 | D:1      | Gained mutation: You have a pair of small horns on your
                  | head. [demonic ancestry]
   385 | D:1      | Reached XP level 2. HP: 20/20 MP: 0/5
  1155 | D:1      | Learned a level 2 spell: Scorch
  1255 | D:1      | Gained mutation: You are partially covered in molten
                  | scales. (AC +2) [demonic ancestry]
  1255 | D:1      | Reached XP level 3. HP: 25/25 MP: 2/6
  1652 | D:2      | Noticed Jessica
  1659 | D:2      | Killed Jessica
  1660 | D:2      | Reached skill level 1 in Fighting
  1663 | D:2      | Reached XP level 4. HP: 19/32 MP: 0/7
  2057 | D:2      | Identified the +2 hand axe of Okawaru's Benevolence {pain,
                  | rElec}
  2061 | D:2      | Noticed Natasha
  2146 | D:1      | Slain by a gnoll

Illustrated notes

Levels and vault maps discovered:
D:1:      lemuel_arrival_lava_pool, layout_loops_corners, minmay_misc_feat_cross
D:2:      layout_basic, basic_altar, uniq_natasha, uniq_jessica

Skill      XL: |  1  2  3  4 |
---------------+-------------+-----
Fire Magic     | 3 |  3.6
Fighting       | 1 |  1.3
Dodging        | 2 |  2.1
Stealth        | 2 |  2.0
Axes           | |  0.3
Spellcasting   | |  2.3
Conjurations   | |  1.6

Action                     |  1- 3 |  4- 6 || total
---------------------------+-------+-------++-------
  Melee: War axe           |     9 |     7 ||    16
   Cast: Foxfire           |    61 |    19 ||    80
         Scorch            |       |     1 ||     1
    Use: Potion            |       |     1 ||     1
 Armour: Robe              |     3 |     4 ||     7
  Dodge: Dodged            |    10 |    13 ||    23

Table legend: (Time is in decaauts)
 A = Elapsed time spent in this place.
 B = Non-inter-level travel time spent in this place.
 C = Inter-level travel time spent in this place.
 D = Time resting spent in this place.
 E = Time spent auto-exploring this place.
 F = Levels seen in this place.
 G = Mean time per level.
                   A        B        C        D        E       F      G
               +--------+--------+--------+--------+--------+-----+--------+
         Total |   2155 |   2069 |     86 |      0 |   1823 |   2 | 1077.5 |
       Dungeon |   2155 |   2069 |     86 |      0 |   1823 |   2 | 1077.5 |
               +--------+--------+--------+--------+--------+-----+--------+

Top non-repeatable levels by time:
     D:1: 1631 daAuts
     D:2: 523 daAuts
